 Dungeon Crawl Stone Soup version 0.22-a0-348-gd16d1391c7 (webtiles) character file.

45 Kriby the Grave Robber (level 3, 0/24 HPs)
             Began as a Mummy Necromancer on Apr 12, 2018.
             Slain by Terence
             ... wielding a +0 flail
              (9 damage)
             ... on level 2 of the Dungeon.
             The game lasted 00:02:08 (1180 turns).

Kriby the Grave Robber (Mummy Necromancer)          Turns: 1180, Time: 00:02:09

Health: 0/24       AC:  2    Str: 11    XL:     3   Next: 42%
Magic:  3/8        EV: 12    Int: 15    God:
Gold:   75         SH:  0    Dex: 12    Spells: 8/10 levels left

rFire    x . .     SeeInvis .   f - +1 dagger (venom)
rCold    + . .     Gourm    .   (no shield)
rNeg     + + +     Faith    .   a - +0 robe
rPois    ∞         Spirit   .   (no helmet)
rElec    .         Reflect  .   (no cloak)
rCorr    .         Harm     .   (no gloves)
MR       .....                  (no boots)
Stlth    ++........             (no amulet)
HPRegen  0.08/turn              (no ring)
MPRegen  0.11/turn              (no ring)

@: no status effects
A: no food or potions, fire vulnerability, cold resistance 1, negative energy
resistance 3, torment resistance, unbreathing
a: no special abilities


You were on level 2 of the Dungeon.
You were not hungry.

You visited 1 branch of the dungeon, and saw 2 of its levels.

You collected 75 gold pieces.

Inventory:

Hand Weapons
 e - a +0 whip
 f - a +1 dagger of venom (weapon)
Missiles
 b - 4 tomahawks (quivered)
Armour
 a - a +0 robe (worn)
Scrolls
 c - a scroll of noise {unknown}
 d - a scroll of identify {unknown}
 g - a scroll of teleportation {unknown}
 h - a scroll of remove curse {unknown}


   Skills:
 + Level 0.2 Fighting
 - Level 1.5 Dodging
 - Level 1.5 Stealth
 * Level 4.2 Spellcasting
 + Level 4.4 Necromancy


You had 8 spell levels left.
You knew the following spells:

 Your Spells              Type           Power        Failure   Level  Hunger
a - Pain                  Necr           ###.         3%          1    N/A
b - Animate Skeleton      Necr           N/A          3%          1    N/A

Dungeon Overview and Level Annotations

Branches:
Dungeon (2/15)

Altars:
Fedhas
Vehumet

Annotations:
D:2 Terence


Innate Abilities, Weirdness & Mutations

You do not eat or drink.
Your flesh is vulnerable to fire.
You are immune to poison.
Your flesh is cold resistant. (rC+)
You are immune to negative energy. (rN+++)
You are immune to unholy pain and torment.
You can survive without breathing.


Message History

Terence writhes in agony!
Terence completely misses you.
You hit Terence.
Terence is almost dead.
Terence hits you with a flail.
Casting: Pain (safe; 3% risk of failure)
Confirm with . or Enter, or press ? or * to list all spells.
Aiming: Pain (safe; 3% risk of failure)
Press: ? - help, Shift-Dir - straight line, f/p - Terence
Aim: Terence, wielding a flail and wearing a chain mail (almost dead, fast, chance to defeat MR: 81%) Terence writhes in agony!
Terence hits you with a flail!
You completely miss Terence.
Terence is almost dead.
Terence barely misses you.
Casting: Pain (safe; 3% risk of failure)
Confirm with . or Enter, or press ? or * to list all spells.
Aiming: Pain (safe; 3% risk of failure)
Press: ? - help, Shift-Dir - straight line, f/p - Terence
Aim: Terence, wielding a flail and wearing a chain mail (almost dead, fast, chance to defeat MR: 81%) Terence barely resists.
Terence hits you with a flail!
You die...

#.(...#
##...........##
#.....#
####.######..#
##....#
#.......##..#
#....#
#.......##''##
######
#.......#8..≈#
#.......##__##
#........#⌠⌠#
######........####
.......@.[..>##
######..@#####
#...... #........
#..........
#..........
##...###### #...#


You could see Terence.

Vanquished Creatures
  2 oozes (D:1)
  A dart slug (D:1)
  4 bats
  2 goblins (D:1)
  2 hobgoblins (D:1)
  9 jackals (D:1)
  6 kobolds (D:1)
  A ball python (D:1)
  4 frilled lizards (D:1)
  A rat (D:1)
32 creatures vanquished.

Notes
Turn   | Place    | Note
-------+----------+-------------------------------------------
     0 | D:1      | Kriby the Mummy Necromancer began the quest for the Orb.
     0 | D:1      | Reached XP level 1. HP: 13/13 MP: 4/4
   135 | D:1      | Reached XP level 2. HP: 18/19 MP: 3/6
   512 | D:1      | Reached XP level 3. HP: 20/24 MP: 0/8
  1124 | D:2      | Learned a level 1 spell: Animate Skeleton
  1150 | D:2      | Found a blossoming altar of Fedhas.
  1150 | D:2      | Found a radiant altar of Vehumet.
  1173 | D:2      | Noticed Terence
  1180 | D:2      | Slain by Terence

Vault maps used:
D:1:      scummos_arrival_checkerplants
D:2:      minmay_diamond_boxcup, gammafunk_temple_overflow_wave, first_ration,
          uniq_sigmund, uniq_terence

Skill      XL: |  1  2 |
---------------+-------+-----
Spellcasting   | 3 4 |  4.2
Fighting       | |  0.2
Dodging        | |  1.5
Stealth        | |  1.5
Necromancy     | |  4.4

Action                   || total
-------------------------++-------
Melee: Unarmed           ||     7
       Whip              ||    18
       Dagger            ||     8
Throw: Tomahawk          ||    13
 Cast: Pain              ||    51
Armor: Robe              ||    10
Dodge: Dodged            ||    28

Table legend:
 A = Spawn XP
 B = Non-spawn XP
 C = Spawn XP percentage of total XP
 D = Spawn monster count
 E = Non-spawn monster count
 F = Spawn count percentage of total count
 G = Total turns spent on level
                    A         B        C        D         E        F      G
               +---------+---------+-------+---------+---------+-------+---------
         Total |       0 |      65 |   0.0 |       0 |      32 |   0.0 |  1180
               +---------+---------+-------+---------+---------+-------+---------
           D:1 |       0 |      63 |   0.0 |       0 |      31 |   0.0 |  1109
           D:2 |       0 |       2 |   0.0 |       0 |       1 |   0.0 |    71
               +---------+---------+-------+---------+---------+-------+---------
